 Dungeon Crawl Stone Soup version 0.31-a0-115-g4708a659fe (webtiles) character file.

Game seed: 8523587329805806341

60 frimble the Ducker (level 4, 0/30 HPs)
             Began as an Octopode Warper on May 30, 2023.
             Succumbed to an adder's poison
             ... on level 3 of the Dungeon.
             The game lasted 00:01:04 (743 turns).

frimble the Ducker (Octopode Warper)                 Turns: 743, Time: 00:01:05

Health: 0/30       AC:  1    Str: 10    XL:     4   Next: 6%
Magic:  7/7        EV: 13    Int: 17    God:
Gold:   44         SH:  0    Dex: 11    Spells: 5/7 levels left

rFire   . . .        a - +0 short sword
rCold   . . .        (no shield)
rNeg    + . .        (helmet restricted)
rPois   .            (no amulet)
rElec   .            i - ring of positive energy
rCorr   .            (no ring)
SInv    .            (no ring)
Will    .....        (no ring)
Stlth   ++           (no ring)
HPRegen 0.25/turn    (no ring)
MPRegen 0.10/turn    (no ring)
                     (no ring)

%: no passive effects
@: lethally poisoned (0 -> -3), invisible
A: almost no armour, amphibious, 8 rings, camouflage 1, gelatinous body 1,
(nimble swimmer 1), tentacles
a: no special abilities


You were on level 3 of the Dungeon.
You visited 1 branch of the dungeon, and saw 3 of its levels.

You collected 44 gold pieces.

Inventory:

Hand Weapons
 a - a +0 short sword (weapon)
Missiles
 c - 7 boomerangs of dispersal (quivered)
Jewellery
 i - a ring of positive energy (left tentacle)
Scrolls
 g - a scroll of identify {unknown}
 h - a scroll of enchant armour {unknown}
 j - 2 scrolls of teleportation {unknown}
 l - a scroll of poison {unknown}
 m - a scroll of enchant weapon {unknown}
Potions
 k - 2 potions of cancellation {unknown}


   Skills:
 + Level 2.9 Fighting
 + Level 2.8 Short Blades
 - Level 1.0 Throwing
 + Level 3.1 Dodging
 - Level 2.0 Spellcasting
 - Level 3.0 Translocations


You had 5 spell levels left.
You knew the following spells:

 Your Spells              Type           Power      Damage    Failure   Level
a - Blink                 Tloc           24%        N/A       9%          2

Your spell library contained the following spells:

 Spells                   Type           Power      Damage    Failure   Level
 Lesser Beckoning         Tloc           24%        N/A       9%          2
 Teleport Other           Tloc           12%        N/A       17%         3
 Vhi's Electric Charge    Tloc/Air       12%        N/A       30%         3
 Manifold Assault         Tloc           12%        N/A       50%         4


Dungeon Overview and Level Annotations

Branches:
Dungeon (3/15)

Altars:


Innate Abilities, Weirdness & Mutations

You cannot wear most types of armour.
You are amphibious.
You can wear up to eight rings at the same time.
Your skin changes colour to match your surroundings (Stealth+).
Your rubbery body absorbs attacks. (AC +1, EV +1)
((You are camouflaged when in or above water. (Stealth+)))
You have tentacles for arms and can constrict up to eight enemies at once.


Message History

You hit Natasha but do no damage. You squeeze Natasha.
You kill Natasha!
Moaning pathetically, Natasha's spirit plunges into the ground.
A dart slug comes into view.
The kobold throws a stone.
The stone closely misses you. The adder barely misses you.
Your Dodging skill increases to level 3!
You have reached level 4!
As you read the scroll labelled VIEGINALIUFEL, it crumbles to dust.
The scroll dissolves into smoke.
It was a scroll of fog.
The adder bites you.
* * * LOW HITPOINT WARNING * * *
It was a potion of curing.
You feel better. The adder bites you.
You are poisoned.
The adder poisons you! The adder attacks as you move away! The adder bites you.
You are more poisoned.
The adder poisons you!
The ball python attacks as you move away!
The ball python bites you.
You feel very sick.
Blink to where?
Press: ? - help, Dir - move target
As you read the scroll of blinking, it crumbles to dust.
* * * LOW HITPOINT WARNING * * *
You feel sick.
* * * LOW HITPOINT WARNING * * *
You feel sick.
You feel sick.
There is a stone staircase leading down here.
You feel sick. The adder bites you.
* * * LOW HITPOINT WARNING * * *
You climb downwards.
* * * LOW HITPOINT WARNING * * *
You feel sick.
Found 8 stones and a robe.
Found a stone staircase leading down.
There is a stone staircase leading up here.
There is a lethal amount of poison in your body!
It was a potion of invisibility.
You fade into invisibility!
You die...

.. ..# ..#..
###.... .#...#
## .>..#
#..##...###
##.#.......#...
#......@(......
#.###..........
#....#.....
#..... ...[
.....## ...
##....#⌠# ..
.....###. .
..........#


There were no monsters in sight!

Vanquished Creatures
  Natasha (D:2)
  2 dart slugs
  A bat (D:1)
  2 endoplasms
  2 giant cockroaches (D:1)
  4 hobgoblins (D:1)
  5 jackals (D:1)
  2 kobolds (D:1)
  A quokka (D:1)
  5 ball pythons
  A frilled lizard (D:1)
  A goblin (D:1)
  A rat (D:1)
28 creatures vanquished.

Notes
Turn   | Place    | Note
-------+----------+-------------------------------------------
     0 | D:1      | frimble the Octopode Warper began the quest for the Orb.
     0 | D:1      | Reached XP level 1. HP: 14/14 MP: 3/3
    96 | D:1      | Reached XP level 2. HP: 18/19 MP: 5/5
   384 | D:1      | Reached XP level 3. HP: 18/25 MP: 6/6
   449 | D:1      | Learned a level 2 spell: Blink
   720 | D:2      | Noticed Natasha
   734 | D:2      | Killed Natasha
   735 | D:2      | Reached XP level 4. HP: 13/30 MP: 7/7
   741 | D:2      | HP: 1/30 [adder (4)]
   743 | D:3      | Succumbed to an adder's poison

Illustrated notes

Levels and vault maps discovered:
D:1:      dpeg_arrival_oval, layout_rooms, wad_floor_pattern_1,
          serial_park_tiny_pond, chequers_serial_rivers_small_a
D:2:      layout_rooms, chequers_serial_rivers_micro_a, minmay_hedge_maze,
          uniq_natasha
D:3:      cheibrodos_greedy_goblins, layout_rooms, grunt_nemelex_the_gamble,
          fedhas_ov_isle_minmay, serial_shops, shop, feat_on_display

Skill      XL: |  1  2  3 |
---------------+----------+-----
Dodging        | 3 |  3.1
Fighting       | |  2.9
Short Blades   | |  2.8
Throwing       | |  1.0
Spellcasting   | |  2.0
Translocations | |  3.0

Action                     |  1- 3 |  4- 6 || total
---------------------------+-------+-------++-------
  Melee: Short sword       |    68 |       ||    68
         Constrict         |    20 |       ||    20
         Tentacles         |    13 |       ||    13
    Use: Scroll            |       |     2 ||     2
         Potion            |       |     2 ||     2
   Stab: Sleeping          |     6 |       ||     6
 Armour: Skin              |     7 |       ||     7
  Dodge: Dodged            |    42 |       ||    42

Table legend: (Time is in decaauts)
 A = Elapsed time spent in this place.
 B = Non-inter-level travel time spent in this place.
 C = Inter-level travel time spent in this place.
 D = Time resting spent in this place.
 E = Time spent auto-exploring this place.
 F = Levels seen in this place.
 G = Mean time per level.
                   A        B        C        D        E       F      G
               +--------+--------+--------+--------+--------+-----+--------+
         Total |    734 |    702 |     32 |      0 |    524 |   3 |  244.7 |
       Dungeon |    734 |    702 |     32 |      0 |    524 |   3 |  244.7 |
               +--------+--------+--------+--------+--------+-----+--------+

Top non-repeatable levels by time:
     D:1: 593 daAuts
     D:2: 139 daAuts
     D:3: 0 daAuts
